 Dungeon Crawl Stone Soup version 0.18.0-1-g0107ab7 (webtiles) character file.

68 Tarnath the Sneak (level 4, -5/21 HPs)
             Began as a Spriggan Enchanter on May 5, 2016.
             Slain by an orc
             ... wielding a +0 flail
              (9 damage)
             ... on level 3 of the Dungeon.
             The game lasted 00:05:33 (1569 turns).

Tarnath the Sneak (Spriggan Enchanter)              Turns: 1569, Time: 00:05:34

Health: -5/21      AC:  3    Str:  4    XL:     4   Next: 1%
Magic:  0/9        EV: 18    Int: 16    God:
Gold:   172        SH:  0    Dex: 17    Spells: 3 memorised, 2 levels left

rFire  . . .     SeeInvis +     h - +0 dagger (elec)
rCold  . . .     Gourm    .     b - +1 robe
rNeg   . . .     Faith    .     (shield restricted)
rPois  .         Spirit   +     (helmet restricted)
rElec  .         Dismiss  .     (no cloak)
rCorr  .         Reflect  .     (gloves unavailable)
SustAt .         Harm     .     (boots unavailable)
MR     .....                    o - amulet of guardian spirit
Stlth  ++++......               (no ring)
                                (no ring)

@: very quick, not resistant to hostile enchantments, stealthy
A: unfitting armour, see invisible, herbivore 3, speed 3, slow metabolism 2
a: no special abilities


You were on level 3 of the Dungeon.
You were not hungry.

You visited 1 branch of the dungeon, and saw 3 of its levels.

You collected 172 gold pieces.

Inventory:

Hand Weapons
 h - a +0 dagger of electrocution (weapon)
Armour
 b - a +1 robe (worn)
Jewellery
 o - an amulet of guardian spirit (around neck)
Scrolls
 f - 2 scrolls of identify {unknown}
 g - 2 scrolls of remove curse {unknown}
 j - a scroll of magic mapping {unknown}
 m - a scroll of recharging {unknown}
 n - a scroll of enchant weapon {unknown}
Potions
 e - a potion of agility {unknown}
 i - a potion of curing {unknown}
 k - a potion of magic {unknown}
 l - a potion of lignification {unknown}
Books
 c - a book of Maledictions

   Spells                             Type                      Level
   a - Corona                         Hexes                        1
   b - Ensorcelled Hibernation        Hexes/Ice                    2
   c - Confuse                        Hexes                        3
   d - Tukima's Dance                 Hexes                        3
   e - Dazzling Spray                 Conjuration/Hexes            3
Comestibles
 a - a slice of pizza
 d - 4 bread rations


   Skills:
 * Level 3.0 Short Blades
 - Level 3.0 Dodging
 * Level 5.6 Stealth
 - Level 2.6 Spellcasting
 + Level 4.1 Hexes


You had 2 spell levels left.
You knew the following spells:

 Your Spells              Type           Power        Failure   Level  Hunger
a - Corona                Hex            ###....      4%          1    #......
d - Confuse               Hex            ###.....     12%         3    ###....
s - Ensorcelled Hibernat  Hex/Ice        #.....       14%         2    ##.....


Dungeon Overview and Level Annotations

Branches:
Dungeon (3/15)

Altars:


Innate Abilities, Weirdness & Mutations

You are tiny and cannot use many weapons and most armour.
You have supernaturally acute eyesight.
You are a herbivore.
You cover ground extremely quickly.
You need consume almost no food.


Message History

Confirm with . or Enter, or press ? or * to list all spells.
Aiming: Corona
Press: ? - help, Shift-Dir - straight line, f/p - orc priest
Aim: an orc priest, wielding a flail (chance to defeat MR: 51%)
The orc priest is outlined in light.
The orc priest barely misses you. The orc hits you but does no damage.
The orc closely misses you.
You hit the orc priest.
The orc priest is lightly wounded.
The orc priest hits you with a flail.
* * * LOW HITPOINT WARNING * * *
The orc hits you but does no damage.
You barely miss the orc priest.
The orc priest is lightly wounded.
The orc misses you.
You hit the orc priest but do no damage.
There is a sudden explosion of sparks!
The orc priest is severely wounded.
The orc hits you but does no damage. The orc priest completely misses you.
The orc hits you with a flail!
You die...

###+## . #....#
.###....#### ..........#
# ###).....[(# .#
..........# #.#
#.......#... .
#..oo...#.# ...
###@#.)...#
.....##.)o....###### ###
........#..........# #..
#+###...#..)#.####.# #.#
..'...#.###..###.#####.#
####...#.###...##....##.#
#.....#............#.#
###.###.##.[....##.#.#
..# #. ##....###...#


You could see an orc priest and 2 orcs.

Vanquished Creatures
  2 adders (D:2)
  A gnoll (D:1)
  A worm (D:2)
  A giant gecko (D:1)
  2 orcs (D:3)
  3 giant cockroaches
  A goblin (D:1)
  3 hobgoblins
  4 jackals (D:2)
  6 kobolds
  2 quokkas (D:3)
  3 bats
  2 giant newts
  3 rats
34 creatures vanquished.

Notes
Turn   | Place    | Note
--------------------------------------------------------------
     0 | D:1      | Tarnath the Spriggan Enchanter began the quest for the Orb.
     0 | D:1      | Reached XP level 1. HP: 9/9 MP: 5/5
    81 | D:1      | Reached XP level 2. HP: 13/13 MP: 6/6
   207 | D:1      | Reached skill level 5 in Stealth
   738 | D:2      | Found a faded altar to an unknown god.
   748 | D:2      | Reached XP level 3. HP: 16/16 MP: 8/8
  1217 | D:2      | Learned a level 2 spell: Ensorcelled Hibernation
  1386 | D:2      | Learned a level 3 spell: Confuse
  1548 | D:3      | Reached XP level 4. HP: 21/21 MP: 4/9
  1569 | D:3      | Slain by an orc

Skill      XL: |  1  2  3 |
---------------+----------+-----
Stealth        | 5 |  5.6
Short Blades   | 2 3 |  3.0
Hexes          | 4 |  4.1
Dodging        | |  3.0
Spellcasting   | |  2.6

Action                   |  1- 3 |  4- 6 || total
-------------------------+-------+-------++-------
Melee: Dagger            |   134 |     3 ||   137
 Cast: Corona            |     4 |     1 ||     5
       Ensorcelled Hiber |     2 |     1 ||     3
 Stab: Sleeping          |     8 |       ||     8
       Distracted        |     1 |       ||     1
Armor: Robe              |    18 |     3 ||    21
Dodge: Dodged            |    99 |     8 ||   107
